AoeStats
← dean03110206

Nomad

507496713Analyzed
4v4 RM · 13d ago on Sep 18, 2026· 41m 38s· 8 players
Game mode
Random Map
Map size
231×231
Population
200
Speed
Normal
Resources
Standard
Victory
Conquest
Starting age
Dark Age
Ending age
Imperial Age
RankedLock teamsTeams togetherTeam positionsShared explorationLock speedFull tech treeHidden civsTurbo modeCheats
Victory
Defeat
🇨🇳 Koreans · China
1148
+14
🇦🇷 Burgundians · Argentina
1120
+15
🇨🇳 Persians · China
1012
+19
🇹🇼 Celts · Taiwan
1010
+19
🇹🇼 Koreans · Taiwan
1134
-19
🇹🇷 Huns · Türkiye
1125
-18
🇧🇪 Portuguese · Belgium
1078
-16
🇫🇷 Chinese · France
1033
-14
Zomberx
7:05 Loom
14:55 Feudal Age
18:55 Double-Bit Axe
20:53 Fletching
23:49 Castle Age
21:53 Gold Mining
27:38 Crossbowman
29:56 Bodkin Arrow
Cezalandırıcı
4:27 Loom
16:01 Feudal Age
22:03 Castle Age
20:43 Double-Bit Axe
20:49 Gold Mining
22:42 Fletching
22:54 Padded Archer Armor
23:25 Thumb Ring
23:17 Bodkin Arrow
26:13 Ballistics
25:45 Fishing Lines
28:12 Leather Archer Armor
29:25 Bow Saw
30:57 Gillnets
33:28 Stone Mining
36:17 Gold Shaft Mining
38:31 Imperial Age
36:49 Wheelbarrow
36:59 Scale Barding Armor
37:05 Forging
37:41 Masonry
37:18 Horse Collar
38:04 Heavy Plow
40:07 Iron Casting
39:53 Chain Barding Armor
40:48 Chemistry
40:50 Two-Man Saw
41:04 Murder Holes
42:20 Blast Furnace
41:58 Plate Barding Armor
41:42 Marauders
Pegasus75
3:29 Loom
17:25 Feudal Age
18:07 Fishing Lines
19:07 Man-at-Arms
20:09 Double-Bit Axe
20:57 Arson
21:50 Wheelbarrow
24:21 Castle Age
24:02 Horse Collar
24:43 Pikeman
26:05 Stone Mining
26:09 Gold Mining
26:22 Squires
26:46 Hand Cart
28:56 Gillnets
30:49 Fletching
31:08 Thumb Ring
33:40 Imperial Age
32:03 Gold Shaft Mining
33:37 Bodkin Arrow
33:43 Padded Archer Armor
33:54 Forging
33:44 Scale Mail Armor
34:02 Town Watch
34:22 Heavy Plow
35:44 Ballistics
36:25 Chemistry
36:21 Conscription
35:41 Long Swordsman
36:32 Two-Handed Swordsman
36:50 Light Cavalry
37:40 Bloodlines
38:13 Bow Saw
39:21 Halberdier
Not.ACCM
5:58 Loom
13:24 Feudal Age
15:11 Double-Bit Axe
20:16 Castle Age
18:04 Fishing Lines
21:33 Bow Saw
21:56 Stone Mining
21:57 Gold Mining
22:09 Horse Collar
23:44 Wheelbarrow
23:36 Gillnets
24:10 Fletching
25:23 Bodkin Arrow
27:55 Town Watch
29:06 Hand Cart
29:32 Ballistics
34:43 Imperial Age
34:15 Masonry
dean03110206
4:30 Loom
16:57 Feudal Age
23:58 Castle Age
28:37 Wheelbarrow
28:20 Elite Skirmisher
30:15 Fletching
30:26 Padded Archer Armor
34:19 Hand Cart
38:52 Imperial Age
40:55 Chemistry
39:27 Onager
40:55 Capped Ram
山海
3:31 Loom
14:26 Feudal Age
18:25 Double-Bit Axe
22:03 Castle Age
22:55 Forging
22:52 Scale Barding Armor
24:58 Chain Barding Armor
32:50 Elite Skirmisher
39:35 Crossbowman
40:23 Padded Archer Armor
tugou
6:21 Loom
14:46 Feudal Age
15:32 Town Watch
19:00 Castle Age
16:49 Double-Bit Axe
16:50 Fishing Lines
17:49 Gold Mining
20:01 Gillnets
20:24 Bow Saw
20:38 Stone Mining
22:14 Fletching
23:08 Wheelbarrow
23:32 Bodkin Arrow
24:56 Hand Cart
28:57 Imperial Age
28:29 Ballistics
30:58 Bracer
33:38 Two-Man Saw
33:18 Husbandry
33:07 Elite War Wagon
34:08 Conscription
37:37 Coinage
38:42 Chemistry
37:48 Siege Engineers
38:29 Heavy Rocket Cart
40:02 Masonry
42:08 Gold Shaft Mining
merascolanariz
7:02 Loom
10:49 Double-Bit Axe
15:28 Feudal Age
15:09 Wheelbarrow
15:23 Gold Mining
16:49 Bow Saw
16:20 Horse Collar
17:21 Gold Shaft Mining
20:51 Hand Cart
21:22 Forging
22:06 Scale Barding Armor
26:10 Castle Age
26:14 Heavy Plow
26:19 Light Cavalry
27:00 Husbandry
27:22 Chain Barding Armor
27:38 Iron Casting
28:09 Two-Man Saw
27:52 Crop Rotation
27:21 Elite Skirmisher
27:57 Fletching
29:08 Padded Archer Armor
30:50 Bodkin Arrow
33:43 Leather Archer Armor
32:52 Cavalier
39:30 Imperial Age
40:15 Ballistics
44:27 Imperial Age
Connection lost

Rejoining the realm…

Still unreachable

The connection could not be restored.

Session expired

The server has moved on; the page needs a fresh start.